 Dungeon Crawl Stone Soup version 0.32-a0-656-g3542139ebd (webtiles) character file.

Game seed: 5979816892657715187

409 gimp the Chopper (level 6, 0/55 HPs)
             Began as a Ghoul Gladiator on Mar 8, 2024.
             Slain by a centaur
             ... wielding a +0 mace
              (2 damage)
             ... on level 5 of the Dungeon.
             The game lasted 00:05:29 (3891 turns).

gimp the Chopper (Ghoul Gladiator)                  Turns: 3891, Time: 00:05:29

Health: 0/55       AC:  8    Str: 20    XL:     6   Next: 89%
Magic:  6/6        EV: 10    Int:  7    God:
Gold:   182        SH:  0    Dex: 10    Spells: 5/5 levels left

rFire   . . .        a - +0 war axe
rCold   + . .        (no shield)
rNeg    + + +        x - +0 scale mail
rPois   ∞            c - +0 helmet
rElec   .            (no cloak)
rCorr   .            k - +0 pair of gloves
SInv    .            (no boots)
Will    +....        (no amulet) Stlth
                     (no ring)
HPRegen 0.00/turn    (no ring)
MPRegen 0.10/turn

%: no passive effects
@: enlightened, flying, inhibited regen, hasted, very quick
A: claws 1, cold resistance 1, negative energy resistance 3, inhibited
regeneration, torment resistance 2, devour on kill
a: no special abilities


You were on level 5 of the Dungeon.
You visited 1 branch of the dungeon, and saw 5 of its levels.

You collected 182 gold pieces.

Inventory:

Hand Weapons
 a - a +0 war axe (weapon)
Missiles
 d - 3 throwing nets
 e - a javelin
Armour
 c - a +0 helmet (worn)
 k - a +0 pair of gloves (worn)
 v - a +0 kite shield
 x - a +0 scale mail (worn)
Scrolls
 f - a scroll of revelation {unknown}
 h - 2 scrolls of enchant weapon {unknown}
 j - a scroll of identify {unknown}
 l - a scroll of enchant armour {unknown}
 n - 3 scrolls of noise {unknown}
 r - 2 scrolls of teleportation {unknown}
 s - a scroll of fog {unknown}
 t - a scroll of poison {unknown}
 u - a scroll of blinking {unknown}
 w - 2 scrolls of fear {unknown}
Potions
 b - a potion of curing {unknown}
 g - a potion of might {unknown}
 i - a potion of magic {unknown}
 m - a potion of mutation {unknown}
 o - a potion of heal wounds {unknown}
 q - a potion of haste


   Skills:
 + Level 4.8 Fighting
 * Level 5.8 Axes
 - Level 1.7 Throwing
 - Level 2.6 Dodging


You had 5 spell levels left.
You didn't know any spells.
Your spell library contained the following spells:

 Spells                   Type           Power      Damage    Failure   Level
 Blink                    Tloc           0%         N/A       91%         2
 Cigotuvi's Dreadful Rot  Necr/Alch/Air  0%         N/A       91%         2
 Lesser Beckoning         Tloc           0%         N/A       91%         2
 Momentum Strike          Conj/Tloc      0%         3d8       91%         2
 Tukima's Dance           Hex            0%         N/A       99%         3
 Dimensional Bullseye     Hex/Tloc       0%         N/A       100%        4
 Ignite Poison            Fire/Alch      0%         N/A       100%        4
 Iskenderun's Mystic Bla  Conj/Tloc      0%         2d3       100%        4
 Freezing Cloud           Conj/Ice/Air   0%         6-21      100%        5


Dungeon Overview and Level Annotations

Branches:
Dungeon (5/15)
 Temple: D:4-7

Altars:
Ashenzari

Annotations:
D:4 Edmund


Innate Abilities, Weirdness & Mutations

You are immune to poison.
You have sharp fingernails.
Your flesh is cold resistant. (rC+)
You are immune to negative energy. (rN+++)
You do not regenerate when monsters are visible.
You are immune to unholy pain and torment.
You thrive by killing the living.


Message History

The ufetubus hits you.
The ufetubus hits you but does no damage.
The ufetubus moves out of view.
You take 3 damage, and have 50/53 hp.
You closely miss the ufetubus. The ufetubus slips past you!
The ufetubus hits you but does no damage.
The ufetubus barely misses you. x2; The ufetubus closely misses you.
You closely miss the ufetubus.
The ufetubus hits you but does no damage.
The ufetubus completely misses you.
The ufetubus hits you but does no damage. x4
You hit the ufetubus but do no damage. You slash the ufetubus!
The ufetubus closely misses you.
The ufetubus hits you but does no damage.
The ufetubus barely misses you. The ufetubus closely misses you.
The ufetubus hits you. The ufetubus barely misses you.
The ufetubus hits you but does no damage.
The ufetubus hits you.
You take 2 damage, and have 48/53 hp.
You miss the ufetubus.
The ufetubus is almost dead.
You hit the ufetubus.
The ufetubus hits you but does no damage.
The ufetubus hits you. x2; The ufetubus completely misses you.
The ufetubus closely misses you. The ufetubus barely misses you.
You take 3 damage, and have 45/53 hp.
You barely miss the ufetubus.
The ufetubus is almost dead.
You closely miss the ufetubus. The ufetubus closely misses you.
The ufetubus hits you. x2; The ufetubus closely misses you.
The ufetubus hits you. x2
The ufetubus hits you but does no damage.
The ufetubus hits you.
You take 11 damage, and have 34/53 hp.
MASSIVE DAMAGE!!
You miss the ufetubus.
The ufetubus is almost dead.
You hit the ufetubus.
You kill the ufetubus!
The ufetubus slips past you! The ufetubus barely misses you.
The ufetubus hits you. x2
The ufetubus hits you but does no damage.
You take 1 damage, and have 33/55 hp.
You barely miss the ufetubus.
The ufetubus is almost dead.
The ufetubus completely misses you. The ufetubus hits you.
The ufetubus barely misses you.
The ufetubus hits you but does no damage.
You take 2 damage, and have 31/55 hp.
You barely miss the ufetubus.
The ufetubus is almost dead.
The ufetubus hits you.
The ufetubus hits you but does no damage.
The ufetubus closely misses you.
The ufetubus hits you but does no damage.
You take 2 damage, and have 29/55 hp.
You hit the ufetubus.
You kill the ufetubus!
A centaur comes into view. It is wielding a +0 mace.
The centaur shouts!
The centaur unwields a +0 mace.
The centaur wields a +0 orcbow.
The centaur shoots an arrow.
The arrow hits you!
You regained 18 hp, and now have 48/55 hp.
The centaur shoots an arrow.
The arrow barely misses you.
The centaur shoots an arrow.
The arrow hits you.
The centaur shoots an arrow.
The arrow barely misses you.
You take 3 damage, and have 46/55 hp.
You start resting.
The centaur shoots an arrow.
The arrow misses you.
The centaur shoots an arrow.
The arrow barely misses you.
The centaur shoots an arrow.
The arrow hits you!
The centaur shoots an arrow.
The arrow completely misses you.
You take 11 damage, and have 35/55 hp.
The centaur unwields a +0 orcbow.
The centaur wields a +0 mace.
The centaur hits you with a +0 mace. The centaur barely misses you.
You take 3 damage, and have 32/55 hp.
You hit the centaur.
The centaur is lightly wounded.
The centaur hits you with a +0 mace!
The centaur kicks you but does no damage.
The centaur hits you with a +0 mace!
* * * LOW HITPOINT WARNING * * *
The centaur kicks you but does no damage.
You take 18 damage, and have 14/55 hp.
MASSIVE DAMAGE!!
You are too injured to fight recklessly!
You closely miss the centaur.
The centaur is lightly wounded.
The centaur hits you with a +0 mace!
* * * LOW HITPOINT WARNING * * *
The centaur kicks you but does no damage.
You take 10 damage, and have 4/55 hp.
It was a potion of haste.
You feel yourself speed up. The centaur closely misses you.
The centaur kicks you but does no damage.
The centaur hits you with a +0 mace.
* * * LOW HITPOINT WARNING * * *
The centaur barely misses you.
You take 2 damage, and have 2/55 hp.
It was a potion of enlightenment.
You feel very buoyant.
You fly up into the air.
The centaur hits you with a +0 mace.
You die...

###### #....######
#....#..... #....#.....
####### #....#..... #.....#
#.>..#..... #..c..#
#....'....# #...@.#
#....######
#.....#####..........
.......#####......###......
....... #....#...#......
....... #....'...+......
...c... #....#...#......
###.... ######...#######
#.... ...............#
'.... ...............'


You could see a centaur.

Vanquished Creatures
  A bombardier beetle (D:5)
  3 hounds
  An orc priest (D:5)
  3 orc wizards
  A gnoll (D:1)
  5 adders
  4 ufetubi (D:5)
  2 dart slugs (D:1)
  A ribbon worm (D:4)
  21 orcs
  5 ball pythons
  2 bats (D:2)
  4 endoplasms
  A giant cockroach (D:4)
  3 goblins
  6 hobgoblins
  10 jackals
  3 kobolds
  3 quokkas
  A frilled lizard (D:3)
  4 rats
84 creatures vanquished.

Notes
Turn   | Place    | Note
-------+----------+-------------------------------------------
     0 | D:1      | gimp the Ghoul Gladiator began the quest for the Orb.
     0 | D:1      | Reached XP level 1. HP: 17/17 MP: 1/1
    64 | D:1      | Reached skill level 3 in Axes
    64 | D:1      | Reached XP level 2. HP: 19/25 MP: 2/2
   482 | D:1      | Reached XP level 3. HP: 29/30 MP: 3/3
  1248 | D:2      | Found a broken altar of Ashenzari.
  1935 | D:3      | Reached XP level 4. HP: 38/38 MP: 4/4
  2324 | D:3      | Found a faded altar of an unknown god.
  2366 | D:3      | Reached skill level 4 in Axes
  2784 | D:4      | Reached XP level 5. HP: 45/45 MP: 5/5
  2957 | D:4      | Noticed Edmund
  3072 | D:5      | Entered Level 5 of the Dungeon
  3093 | D:5      | Reached skill level 5 in Axes
  3248 | D:5      | Reached XP level 6. HP: 30/52 MP: 6/6
  3890 | D:5      | HP: 2/55 [centaur/+0 mace (2)]
  3891 | D:5      | Slain by a centaur

Illustrated notes

Levels and vault maps discovered:
D:1:      psy_arrival_terrarium, layout_basic, kennysheep_doodads
D:2:      layout_loops_cross, basic_altar, chequers_serial_rivers_micro_b
D:3:      layout_basic, hellmonk_ecumenical_altar_inner_sanctum
D:4:      layout_basic, uniq_edmund, uniq_pargi
D:5:      layout_gridville, serial_library_hellmonk_octagon

Skill      XL: |  1  2  3  4  5 |
---------------+----------------+-----
Axes           | 3 4 5 |  5.8
Fighting       | 3 4 |  4.8
Throwing       | |  1.7
Dodging        | |  2.6

Action                     |  1- 3 |  4- 6 || total
---------------------------+-------+-------++-------
  Melee: War axe           |   115 |   214 ||   329
    Use: Potion            |       |     2 ||     2
 Armour: Leather armour    |    79 |    10 ||    89
         Ring mail         |       |    26 ||    26
         Scale mail        |       |   227 ||   227
  Dodge: Dodged            |    93 |   139 ||   232

Table legend: (Time is in decaauts)
 A = Elapsed time spent in this place.
 B = Non-inter-level travel time spent in this place.
 C = Inter-level travel time spent in this place.
 D = Time resting spent in this place.
 E = Time spent auto-exploring this place.
 F = Levels seen in this place.
 G = Mean time per level.
                   A        B        C        D        E       F      G
               +--------+--------+--------+--------+--------+-----+--------+
         Total |   3985 |   3808 |    177 |    113 |   2908 |   5 |  797.0 |
       Dungeon |   3985 |   3808 |    177 |    113 |   2908 |   5 |  797.0 |
               +--------+--------+--------+--------+--------+-----+--------+

Top non-repeatable levels by time:
     D:1: 1066 daAuts
     D:3: 880 daAuts
     D:5: 835 daAuts
     D:2: 677 daAuts
     D:4: 526 daAuts
